 Dungeon Sprint DCSS version 0.26-a0-852-g6321bf7485 (webtiles) character file.

Game seed: 5926425537665172558

1165 sahdkjhfkaj the Imperceptible (level 8, -7/34 HPs)
             Began as a Felid Fighter on Nov 21, 2020.
             Was a High Priest of Ru.
             Mangled by an emperor scorpion (8 damage)
             ... in the Dungeon (Sprint VII: "The Pits").
             The game lasted 00:03:00 (1571 turns).

sahdkjhfkaj the Imperceptible (Felid Fighter)       Turns: 1571, Time: 00:03:01

Health: -7/34      AC:  2    Str: 12    XL:     8   Next: 17%
Magic:  9/9        EV: 19    Int:  9    God:    Ru [*****.]
Gold:   0          SH:  0    Dex: 18    Spells: 7/7 levels left
                                        Lives:  0   Deaths: 2

rFire    x . .     SeeInvis +     - Unarmed
rCold    x . .     Faith    .   (shield unavailable)
rNeg     . . .     Spirit   .   (armour unavailable)
rPois    .         Reflect  .   (helmet unavailable)
rElec    .         Harm     .   (cloak unavailable)
rCorr    .         Rampage  .   (gloves unavailable)
MR       +....     NoTele   +   (boots unavailable)
Stlth    +++++++++.             (no amulet)
HPRegen  0.11/turn              (ring unavailable)
MPRegen  0.11/turn              (no ring)

@: quick
A: very small, no armour, no weapons or thrown items, stealth, claws 1, fangs 3,
see invisible, speed 1, shaggy fur 2, missing a hand, sharp paws, temperature
sensitive
a: Draw Out Power, Power Leap, Apocalypse, Renounce Religion


You were in the Dungeon.
You worshipped Ru.
Ru was extremely pleased with you.
You visited 1 branch

Inventory:

Jewellery
 k - a +3 ring of evasion
 l - a +3 ring of dexterity
Scrolls
 g - a scroll of blinking
 i - 3 scrolls of remove curse
 j - 5 scrolls of amnesia
Potions
 a - 2 potions of might
 b - 9 potions of curing
 c - 9 potions of heal wounds
 d - 2 potions of haste
 e - 4 potions of magic
 f - a potion of berserk rage
 h - 2 potions of invisibility
 m - a potion of mutation


   Skills:
 - Level 3.0 Fighting
 - Level 4.0 Dodging
 + Level 23.9 Stealth
 - Level 4.0 Unarmed Combat


You had 7 spell levels left.
You didn't know any spells.
Your spell library was empty.

Dungeon Overview and Level Annotations

Branches:
Dungeon (1/1)

Altars:
Ashenzari
Cheibriados
Dithmenos
Elyvilon
Fedhas
Gozag
Hepliaklqana
Kikubaaqudgha
Makhleb
Nemelex Xobeh
Okawaru
Qazlal
Ru
Sif Muna
Trog
Uskayaw
Vehumet
Wu Jian
Xom
Yredelemnul
Zin
The Shining One
Beogh
Jiyva
Lugonu


Innate Abilities, Weirdness & Mutations

You cannot wear armour.
You are incapable of wielding weapons or throwing items.
Your paws allow you to move quietly. (Stealth)
You have sharp claws.
You have razor-sharp teeth.
You have supernaturally acute eyesight. (SInv)
You cover ground quickly.
You are covered in thick fur. (AC +2)
You are missing a hand.
Your sharp claws are effective at attacking unaware monsters.
You are sensitive to extremes of temperature. (rF-, rC-)


Message History

a +0 giant spiked club; an ogre skeleton
There is an open door, spattered with blood here.
You see here a +0 troll leather armour {Purgy}.
There is an open door here.
There is an open door to the Storerooms (Easy) here.
You open the huge gate.
An emperor scorpion, 3 gnolls and a gnoll sergeant come into view.
A gnoll comes into view. It is wielding a +0 club.
There is a huge open gate to the Metal Vault (Medium) here.
There is a huge open gate to the Metal Vault (Medium) here.
You pounce on the unaware helpless emperor scorpion!
You eviscerate the emperor scorpion!!!!
The emperor scorpion is severely wounded.
The emperor scorpion stings you!!
Ouch! That really hurt!
The emperor scorpion claws you!
* * * LOW HITPOINT WARNING * * *
You focus your will and blind the emperor scorpion in retribution!
The emperor scorpion claws you!
You die...

))'.##......#..#......#
###.##................+
.....'................+
)#####......#..#......#
.#..##................#
.#))#####'#####''######
##))##.......##''#####
.#))##.......##...g..#
.#[[##.......##g@.g###
##'###...<...##g.s##
....##.......##g.##
....##.......##..#
######.......##..#
.#..###########..+
.#.############..#
.#.#....#..[[##..#
.#'#....#..[[#


You could see an emperor scorpion (blind), a gnoll sergeant (asleep) and 4
gnolls.

Vanquished Creatures
  A sea snake (D)
  A necromancer (D)
  Sigmund (D)
  A water moccasin (D)
  A floating eye (D)
  Purgy (D)
  An ice beast (D)
  An ogre (D)
  A scorpion (D)
  2 worker ants (D)
  A mummy (D)
  A gnoll (D)
  2 adder skeletons (D)
  An orc (D)
  A bat skeleton (D)
  A ball python (D)
  A bat (D)
  A frilled lizard (D)
  2 rats (D)
22 creatures vanquished.

Vanquished Creatures (collateral kills)
  A jelly (D)
  An iron imp (D)
2 creatures vanquished.

Grand Total: 24 creatures vanquished

Notes
Turn   | Place    | Note
-------+----------+-------------------------------------------
     0 | D        | sahdkjhfkaj the Felid Fighter began the quest for the Orb.
     0 | D        | Reached XP level 1. HP: 10/10 MP: 2/2
    14 | D        | Reached skill level 2 in Stealth
    17 | D        | Found a bloodstained altar of Trog.
    17 | D        | Found a shimmering blue altar of Sif Muna.
    17 | D        | Found a viscous altar of Jiyva.
    17 | D        | Found a hazy altar of Hepliaklqana.
    17 | D        | Found an opulent altar of Gozag.
    18 | D        | Found a glowing golden altar of the Shining One.
    18 | D        | Found a glowing silver altar of Zin.
    18 | D        | Found a basalt altar of Yredelemnul.
    18 | D        | Found a shimmering altar of Xom.
    18 | D        | Found an ornate altar of the Wu Jian Council.
    18 | D        | Found a sacrificial altar of Ru.
    18 | D        | Found a stormy altar of Qazlal.
    18 | D        | Found an iron altar of Okawaru.
    18 | D        | Found a sparkling altar of Nemelex Xobeh.
    18 | D        | Found a burning altar of Makhleb.
    18 | D        | Found a blossoming altar of Fedhas.
    18 | D        | Found a white marble altar of Elyvilon.
    18 | D        | Found a shadowy altar of Dithmenos.
    18 | D        | Found a snail-covered altar of Cheibriados.
    19 | D        | Found a radiant altar of Vehumet.
    19 | D        | Found a corrupted altar of Lugonu.
    19 | D        | Found a roughly hewn altar of Beogh.
    20 | D        | Found an ancient bone altar of Kikubaaqudgha.
    20 | D        | Found a hide-covered altar of Uskayaw.
    20 | D        | Found a broken altar of Ashenzari.
    28 | D        | Became a worshipper of Ru the Awakened
    61 | D        | Reached skill level 6 in Stealth
    61 | D        | Reached XP level 2. HP: 14/14 MP: 3/3
    77 | D        | Reached skill level 9 in Stealth
    77 | D        | Reached XP level 3. HP: 17/17 MP: 4/4
   276 | D        | Noticed a floating eye
   325 | D        | Killed a floating eye
   326 | D        | Reached skill level 13 in Stealth
   326 | D        | Reached XP level 4. HP: 12/21 MP: 5/5
   326 | D        | Reached XP level 5. HP: 14/24 MP: 6/6
   334 | D        | Gained mutation: You are missing a hand. [Ru sacrifice]
   334 | D        | Reached * piety under Ru
   334 | D        | Reached ** piety under Ru
   489 | D        | Noticed an ice beast
   489 | D        | Noticed a water moccasin
   504 | D        | Mangled by an ice beast
   505 | D        | Reached XP level 4. HP: -7/21 MP: 5/5
   519 | D        | Killed an ice beast
   520 | D        | Reached skill level 15 in Stealth
   520 | D        | Reached XP level 5. HP: 13/24 MP: 6/6
   670 | D        | Noticed Purgy
   684 | D        | Reached skill level 16 in Stealth
   694 | D        | Killed a water moccasin
   695 | D        | Reached skill level 17 in Stealth
   716 | D        | Killed Purgy
   717 | D        | Reached skill level 18 in Stealth
   717 | D        | Gained mutation: You are covered in thick fur. (AC +2)
                  | [Felid growth]
   717 | D        | Reached XP level 6. HP: 12/28 MP: 7/7
  1117 | D        | Noticed Sigmund
  1119 | D        | Killed Sigmund
  1120 | D        | Reached skill level 19 in Stealth
  1122 | D        | Noticed a necromancer
  1124 | D        | Killed a necromancer
  1125 | D        | Reached skill level 21 in Stealth
  1125 | D        | Reached XP level 7. HP: 31/31 MP: 8/8
  1132 | D        | Reached skill level 22 in Stealth
  1132 | D        | Reached XP level 8. HP: 23/34 MP: 9/9
  1132 | D        | Mangled by an ogre
  1133 | D        | Reached XP level 7. HP: -12/31 MP: 8/8
  1329 | D        | Noticed a sea snake
  1333 | D        | Killed a sea snake
  1334 | D        | Reached skill level 23 in Stealth
  1334 | D        | Reached XP level 8. HP: 34/34 MP: 9/9
  1511 | D        | Gained mutation: You are sensitive to extremes of
                  | temperature. (rF-, rC-) [Ru sacrifice]
  1511 | D        | Reached *** piety under Ru
  1511 | D        | Reached **** piety under Ru
  1511 | D        | Reached ***** piety under Ru
  1566 | D        | Noticed an emperor scorpion
  1571 | D        | HP: 1/34 [emperor scorpion (10)]
  1571 | D        | Mangled by an emperor scorpion

Illustrated notes

Levels and vault maps discovered:
D:        pitsprint [storerooms_1, entrance_room_1, metal_vault_6, armoury_2,
          mini_pit_1, grid_room_1, main_hall_1, silver_pit, the_coven_2,
          the_vestibule_1, steel_vault_2, golden_pit, hallway_of_sentries,
          crystal_vault_2, iron_vault_1, final_vault]

Skill      XL: |  1  2  3  4  5  6  7 |
---------------+----------------------+-----
Stealth        | 6 9 13 15 18 21 23 | 23.9
Fighting       | |  3.0
Dodging        | |  4.0
Unarmed Combat | |  4.0

Action                   |  1- 3 |  4- 6 |  7- 9 || total
-------------------------+-------+-------+-------++-------
Melee: Unarmed           |    33 |    28 |    40 ||   101
       Bite              |     3 |     2 |     9 ||    14
Invok: Sacrifice a Hand  |       |     1 |       ||     1
       Sacrifice Resista |       |       |     1 ||     1
  Use: Potion            |     1 |     2 |     1 ||     4
       Scroll            |       |     1 |       ||     1
 Stab: Sleeping          |     2 |     2 |     2 ||     6
       Invisible         |       |     1 |     1 ||     2
       Distracted        |       |     1 |       ||     1
Armor: Skin              |     1 |     2 |     7 ||    10
Dodge: Dodged            |    14 |    34 |    40 ||    88

Table legend: (Time is in decaauts)
 A = Elapsed time spent in this place.
 B = Non-inter-level travel time spent in this place.
 C = Inter-level travel time spent in this place.
 D = Time resting spent in this place.
 E = Time spent auto-exploring this place.
 F = Levels seen in this place.
 G = Mean time per level.
                   A        B        C        D        E       F      G
               +--------+--------+--------+--------+--------+-----+--------+
         Total |   1519 |   1438 |     81 |   1125 |      0 |   1 | 1519.0 |
       Dungeon |   1519 |   1438 |     81 |   1125 |      0 |   1 | 1519.0 |
               +--------+--------+--------+--------+--------+-----+--------+

Top non-repeatable levels by time:
       D: 1519 daAuts
